 Dungeon Crawl Stone Soup version 0.26-b1-32-g5d43845318 (webtiles) character file.

Game seed: 8000577434631991027

9 Aviak the Firebug (level 2, 0/19 HPs)
             Began as a Demonspawn Fire Elementalist on Jan 12, 2021.
             Slain by a kobold
             ... wielding a +0 short sword
              (3 damage)
             ... on level 1 of the Dungeon.
             The game lasted 00:01:01 (264 turns).

Aviak the Firebug (Demonspawn Fire Elementalist)     Turns: 264, Time: 00:01:02

Health: 0/19       AC:  3    Str:  8    XL:     2   Next: 6%
Magic:  0/5        EV: 11    Int: 16    God:
Gold:   8          SH:  0    Dex: 13    Spells: 4/5 levels left

rFire    . . .     SeeInvis .   e - -3 hand axe (curse)
rCold    . . .     Faith    .   (no shield)
rNeg     . . .     Spirit   .   f - +0 leather armour
rPois    .         Reflect  .   (helmet restricted)
rElec    .         Harm     .   (no cloak)
rCorr    .         Rampage  .   (no gloves)
Will     .....                  (no boots)
Stlth    ++........             (no amulet)
HPRegen  0.06/turn              (no ring)
MPRegen  0.09/turn              (no ring)

@: no status effects
A: antennae 1
a: no special abilities


You were on level 1 of the Dungeon.
You visited 1 branch of the dungeon, and saw 1 of its levels.

You collected 8 gold pieces.

Inventory:

Hand Weapons
 d - a +0 hand axe
 e - a cursed -3 hand axe (weapon)
Armour
 a - a +0 robe
 f - a +0 leather armour (worn)
Potions
 b - a potion of attraction {unknown}
 c - a potion of heal wounds {unknown}


   Skills:
 - Level 1.7 Dodging
 - Level 1.7 Stealth
 + Level 2.2 Spellcasting
 + Level 1.4 Conjurations
 + Level 2.9 Fire Magic


You had 4 spell levels left.
You knew the following spells:

 Your Spells              Type           Power        Failure   Level
a - Foxfire               Conj/Fire      32%          12%         1

Your spell library contained the following spells:

 Spells                   Type           Power        Failure   Level
 Conjure Flame            Conj/Fire      8%           36%         3
 Inner Flame              Hex/Fire       6%           43%         3
 Sticky Flame             Conj/Fire      8%           77%         4
 Fireball                 Conj/Fire      4%           98%         5


Dungeon Overview and Level Annotations

Branches:
Dungeon (1/15)

Altars:


Innate Abilities, Weirdness & Mutations

You have a pair of small antennae on your head.


Message History

Found a spear.
Casting: Foxfire (safe; 12% risk of failure)
Confirm with . or Enter, or press ? or * to list all spells.
You conjure some foxfire!
The foxfire hits the leopard gecko.
The leopard gecko is heavily wounded.
The foxfire hits the leopard gecko.
You kill the leopard gecko!
You have reached level 2!
Your demonic ancestry asserts itself...
A pair of antennae grows on your head!
Casting: Foxfire (safe; 12% risk of failure)
Confirm with . or Enter, or press ? or * to list all spells.
You conjure some foxfire!
You barely miss the kobold.
The foxfire hits the kobold.
The kobold is heavily wounded.
The foxfire hits the kobold but does no damage.
The kobold is heavily wounded.
The kobold hits you with a +0 short sword.
You die...

. #.# .## #......##.#
#... #......##[# #...#
#......##.# #....
.......... .....
.....##.###....
#.........#....
..########.#####.#....##
......§@K....†..........
..####§).#..?....###.#.#
#...#.#.##### #.# .
#######+#.#### #.##.
.............####....
................#....
...?......##.##.#....
.............#......#
.............#......#


You could see a kobold.

Vanquished Creatures
  A leopard gecko (D:1)
  3 hobgoblins (D:1)
  2 bats (D:1)
  2 frilled lizards (D:1)
  A kobold (D:1)
9 creatures vanquished.

Vanquished Creatures (others)
  A minotaur (D:1)
  An octopode (D:1)
  A gargoyle (D:1)
  2 vine stalkers (D:1)
  An elf (D:1)
  A troll (D:1)
  A vampire (D:1)
  A spriggan (D:1)
  4 nagas (D:1)
  A dwarf (D:1)
  An orc (D:1)
  31 foxfires (D:1)
  8 tentacles (D:1)
54 creatures vanquished.

Grand Total: 63 creatures vanquished

Notes
Turn   | Place    | Note
-------+----------+-------------------------------------------
     0 | D:1      | Aviak the Demonspawn Fire Elementalist began the quest for
                  | the Orb.
     0 | D:1      | Reached XP level 1. HP: 13/13 MP: 3/3
     2 | D:1      | Noticed a dwarf
     2 | D:1      | Noticed a vine stalker
     2 | D:1      | Noticed an octopode
     2 | D:1      | Noticed a vampire
     2 | D:1      | Noticed a gargoyle
     2 | D:1      | Noticed a minotaur
     2 | D:1      | Noticed a kraken
     2 | D:1      | Noticed a vine stalker
     2 | D:1      | Noticed a naga
     2 | D:1      | Noticed a naga
     2 | D:1      | Noticed a troll
     2 | D:1      | Noticed a naga
     2 | D:1      | Noticed an elf
     2 | D:1      | Noticed a naga
     2 | D:1      | Noticed a spriggan
     6 | D:1      | Killed a naga
     6 | D:1      | Killed a vine stalker
     6 | D:1      | Killed a minotaur
     7 | D:1      | Killed a naga
     8 | D:1      | Killed a vampire
     8 | D:1      | Killed a dwarf
    11 | D:1      | Killed a troll
    13 | D:1      | Killed a gargoyle
    14 | D:1      | Killed a spriggan
    14 | D:1      | Killed an octopode
    15 | D:1      | Killed a naga
    17 | D:1      | Killed a vine stalker
    17 | D:1      | Killed a naga
    17 | D:1      | Killed an elf
   256 | D:1      | Gained mutation: You have a pair of small antennae on your
                  | head. [demonic ancestry]
   256 | D:1      | Reached XP level 2. HP: 3/19 MP: 0/5
   264 | D:1      | Slain by a kobold

Illustrated notes

Levels and vault maps discovered:
D:1:      nicolae_arrival_kraken_aquarium_b, layout_basic

Action                   || total
-------------------------++-------
Melee: Hand axe          ||     7
 Cast: Foxfire           ||    17
Armor: Robe              ||     1
Dodge: Dodged            ||    12
